 Dungeon Crawl Stone Soup version 0.28-a0-1033-g1a2f33fa85 (webtiles) character file.

Game seed: 17026735281849514906

10433 ytrimaz the Cleaver (level 11, 0/102 HPs)
             Began as a Formicid Fighter on Dec 7, 2021.
             Was a Priest of Nemelex Xobeh.
             Slain by a hornet (8 damage)
             ... on level 11 of the Dungeon.
             The game lasted 00:13:05 (9183 turns).

ytrimaz the Cleaver (Formicid Fighter)              Turns: 9183, Time: 00:13:06

Health: 0/102      AC: 20    Str: 25    XL:     11   Next: 92%
Magic:  16/16      EV:  7    Int:  8    God:    Nemelex Xobeh [***...]
Gold:   2135       SH:  4    Dex: 10    Spells: 10/10 levels left

rFire   . . .      SeeInvis +   b - +0 battleaxe (chaos)
rCold   . . .      Faith    .   c - +0 buckler
rNeg    . . .      Spirit   .   u - +0 plate armour
rPois   .          Reflect  .   (helmet unavailable)
rElec   .          Harm     .   x - +2 cloak
rCorr   .          Rampage  .   l - +1 pair of gloves
Will    +....                   (no boots)
Stlth   ..........              p - amulet of Vitality {Regen+ HP+15}
HPRegen 1.07/turn               (no ring)
MPRegen 0.15/turn               (no ring)

@: lethally poisoned (0 -> -2)
A: permanent stasis, dig shafts and tunnels, antennae 3, four strong arms
a: Dig, Shaft Self, Renounce Religion, Draw Escape, Draw Destruction, Draw
Summoning, Triple Draw


You were on level 11 of the Dungeon.
You worshipped Nemelex Xobeh.
Nemelex Xobeh was most pleased with you.
You visited 2 branches of the dungeon, and saw 12 of its levels.
You also visited: Sewer and Bailey.

You collected 2240 gold pieces.
You spent 105 gold pieces at shops.

Inventory:

Hand Weapons
 a - a +1 war axe
 b - a +0 battleaxe of chaos (weapon)
Missiles
 y - 2 throwing nets
Armour
 c - a +0 buckler (worn)
 d - a +0 troll leather armour {Pargi}
 l - a +1 pair of gloves (worn)
 u - a +0 plate armour (worn)
 x - a +2 cloak (worn)
Jewellery
 p - the amulet of Vitality (around neck) {Regen+ HP+15}
   (You took it off a kobold demonologist on level 6 of the Dungeon)

   [amulet of regeneration]

   HP:        It affects your health (+15).
   Regen:     It increases your rate of health regeneration.
 z - an amulet of faith
Wands
 o - a wand of acid (12)
 w - a wand of paralysis (6)
Scrolls
 f - 2 scrolls of summoning
 m - 3 scrolls of enchant weapon
 q - a scroll of acquirement
 s - a scroll of fog
 A - a scroll of holy word
 C - a scroll of amnesia
 D - a scroll of magic mapping {unknown}
 E - a scroll of immolation {unknown}
Potions
 e - 2 potions of curing
 g - 7 potions of flight
 h - a potion of lignification
 i - 2 potions of might
 j - 5 potions of heal wounds
 k - a potion of berserk rage {unknown}
 n - 2 potions of cancellation
 r - 4 potions of mutation
 t - 2 potions of brilliance
 v - 2 potions of invisibility
 B - a potion of resistance {unknown}


   Skills:
 + Level 8.7 Fighting
 + Level 13.2 Axes
 * Level 9.5 Armour
 - Level 3.6 Shields
 * Level 6.7 Invocations


You had 10 spell levels left.
You didn't know any spells.
Your spell library contained the following spells:

 Spells                   Type           Power      Damage    Failure   Level
 Animate Skeleton         Necr           0%         N/A       99%         1
 Pain                     Necr           0%         1d4       99%         1
 Summon Small Mammal      Summ           0%         N/A       99%         1
 Call Canine Familiar     Summ           0%         N/A       100%        3
 Frozen Ramparts          Ice            0%         1d2       100%        3
 Gell's Gravitas          Tloc           0%         N/A       100%        3
 Lesser Beckoning         Tloc           0%         N/A       100%        3
 Summon Guardian Golem    Hex/Summ       0%         N/A       100%        3
 Teleport Other           Tloc           0%         N/A       100%        3
 Vampiric Draining        Necr           0%         2d6       100%        3
 Fulminant Prism          Conj/Hex       0%         3d6       100%        4
 Ice Form                 Ice/Tmut       0%         N/A       100%        4
 Iskenderun's Mystic Bla  Conj/Tloc      0%         2d3       100%        4
 Summon Ice Beast         Ice/Summ       0%         N/A       100%        4
 Lee's Rapid Deconstruct  Erth           0%         3d5*      100%        5


Dungeon Overview and Level Annotations

Branches:
Dungeon (11/15)            Temple (1/1) D:5             Orc (0/2) D:11
  Sewer (visited)          Bailey (visited)
   Lair: D:8-11

Altars:
Ashenzari
Cheibriados
Dithmenos
Elyvilon
Fedhas
Gozag
Hepliaklqana
Kikubaaqudgha
Makhleb
Nemelex Xobeh
Okawaru
Qazlal
Ru
Sif Muna
Trog
Uskayaw
Vehumet
Wu Jian
Xom
Yredelemnul
Zin
The Shining One

Shops:
D:2 *[   D:5 :   D:9 ?

Annotations:
D:9 2 transporters


Innate Abilities, Weirdness & Mutations

You cannot be hasted, slowed, berserked, paralysed or teleported.
You can dig through walls and to a lower floor.
You have a pair of large antennae on your head. (SInv)
Your four strong arms can wield two-handed weapons with a shield.


Message History

The hornet is moderately wounded.
You feel very sick. You block the hornet's attack.
Unknown command.
You barely miss the hornet.
The hornet is moderately wounded.
You feel very sick. The hornet completely misses you. x2
Unknown command.
You miss the hornet.
The hornet is moderately wounded.
You feel very sick.
The hornet stings you but does no damage.
Unknown command.
You miss the hornet.
The hornet is moderately wounded.
You feel sick.
The hornet stings you but does no damage. x2
Unknown command.
You miss the hornet.
The hornet is moderately wounded.
You feel sick. The hornet barely misses you.
You hit the hornet.
The hornet is moderately wounded.
You feel sick. The hornet closely misses you. The hornet stings you.
* * * LOW HITPOINT WARNING * * *
You are more poisoned.
Your stasis prevents you from being slowed.
Unknown command.
You miss the hornet.
The hornet is moderately wounded.
You feel very sick.
The hornet stings you but does no damage.
Unknown command.
You barely miss the hornet.
The hornet is moderately wounded.
You feel very sick. The hornet stings you!
You die...
Your body glows slightly and disappears.

############ ##
............ ..#
........#..# #.#
........#..# #.#
........#..# #.#
........#..####.#
.......y#.......#
.......†@.......#
....######...#..# .
#....#......#
#....#......#
#....#......#
###########....#......#
................'......#
.................#......#
.................#......#


You could see a hornet (invisible).

Vanquished Creatures
  2 two-headed ogres
  Pikel (D:5)
  2 ugly things (D:11)
  A centaur zombie (D:11)
  2 kobold demonologists
  A komodo dragon (D:8)
  Prince Ribbit (D:9)
  Grinder (D:4)
  A meliai zombie (D:10)
  Sigmund (D:3)
  6 yaks (D:10)
  3 steam dragons
  Edmund (D:4)
  Menkaure (D:4)
  A warg (D:11)
  2 water moccasins
  Duvessa (D:5)
  2 ice beasts (D:6)
  A black bear (D:6)
  Pargi (D:3)
  An ogre (D:6)
  2 orc warriors
  5 centaurs
  A phantom (D:2)
  10 kobold brigands
  3 bullfrogs
  8 gnoll sergeants (Bailey)
  A scorpion (D:5)
  2 water moccasin zombies
  Dowan (D:5)
  A water moccasin skeleton (D:3)
  5 killer bees (D:9)
  4 howler monkeys
  A jelly (D:6)
  4 hounds
  5 orc priests
  6 iguanas
  Terence (D:3)
  6 gnoll shamans (Bailey)
  6 orc wizards
  A scorpion zombie (D:5)
  A killer bee zombie (D:8)
  2 hound zombies (D:5)
  Robin (D:3)
  14 gnolls (Bailey)
  6 adders
  A shadow imp (D:4)
  2 ufetubi
  An adder skeleton (D:2)
  2 adder zombies (D:2)
  2 worms (D:3)
  A dart slug (D:4)
  17 orcs
  10 ball pythons
  7 bats
  7 endoplasms
  7 giant cockroaches
  9 hobgoblins
  4 jackals
  4 quokkas
  A ball python zombie (D:2)
  3 frilled lizards
  10 goblins
  A jackal zombie (D:2)
  23 kobolds
  11 rats
253 creatures vanquished.

Vanquished Creatures (others)
  2 plants (D:8)
  A withered plant (D:2)
3 creatures vanquished.

Grand Total: 256 creatures vanquished

Notes
Turn   | Place    | Note
-------+----------+-------------------------------------------
     0 | D:1      | ytrimaz the Formicid Fighter began the quest for the Orb.
     0 | D:1      | Reached XP level 1. HP: 18/18 MP: 1/1
   111 | D:1      | Reached XP level 2. HP: 19/24 MP: 2/2
   482 | D:1      | Reached XP level 3. HP: 25/30 MP: 3/3
   722 | D:2      | Found Jaxysak's Antique Armour Emporium.
  1320 | D:2      | Reached XP level 4. HP: 33/37 MP: 4/4
  1590 | D:2      | Reached skill level 3 in Axes
  1648 | D:2      | Noticed a phantom
  1664 | D:2      | Killed a phantom
  1665 | D:2      | Reached XP level 5. HP: 24/42 MP: 5/5
  1957 | D:2      | Found Xilaff's Assorted Antiques.
  2167 | D:2      | Found a faded altar of an unknown god.
  2242 | D:3      | Noticed Robin
  2253 | D:3      | Killed Robin
  2257 | D:3      | Reached skill level 4 in Axes
  2402 | D:3      | Noticed Terence
  2419 | D:3      | Killed Terence
  2420 | D:3      | Reached XP level 6. HP: 17/48 MP: 6/6
  2948 | D:3      | Identified a scroll of acquirement
  2948 | D:3      | Acquired 679 gold pieces
  2979 | D:3      | Noticed Sigmund
  2982 | D:3      | Noticed Pargi
  3001 | D:3      | Killed Pargi
  3002 | D:3      | Reached skill level 5 in Axes
  3002 | D:3      | Reached skill level 5 in Armour
  3007 | D:3      | Killed Sigmund
  3008 | D:3      | Reached XP level 7. HP: 31/55 MP: 7/7
  3462 | D:4      | Found a white marble altar of Elyvilon.
  3483 | D:4      | Found a glowing drain.
  3483 | D:4      | Noticed Menkaure
  3494 | D:4      | Killed Menkaure
  3495 | D:4      | Reached skill level 5 in Fighting
  3495 | D:4      | Reached skill level 6 in Axes
  3506 | Sewer    | Entered a sewer
  3590 | Sewer    | Reached XP level 8. HP: 6/62 MP: 8/8
  3592 | Sewer    | HP: 3/62 [poisoned by a kobold brigand]
  3597 | Sewer    | HP: 3/62 [poisoned by a kobold brigand]
  3677 | Sewer    | Found a white marble altar of Elyvilon.
  3790 | D:4      | Noticed Grinder
  3808 | D:4      | Killed Grinder
  3809 | D:4      | Reached skill level 7 in Axes
  4022 | D:4      | Noticed Edmund
  4033 | D:4      | Killed Edmund
  4129 | D:5      | Entered Level 5 of the Dungeon
  4131 | D:5      | Noticed Duvessa
  4131 | D:5      | Noticed Dowan
  4142 | D:5      | Killed Dowan
  4142 | D:5      | Noticed Pikel
  4147 | D:5      | Killed Duvessa
  4153 | D:5      | Killed Pikel
  4154 | D:5      | Reached skill level 9 in Axes
  4154 | D:5      | Reached XP level 9. HP: 33/69 MP: 9/9
  4344 | D:5      | Found a staircase to the Ecumenical Temple.
  4345 | D:5      | Found Epnoedgh's Book Boutique.
  4366 | Temple   | Entered the Ecumenical Temple
  4446 | Temple   | Became a worshipper of Nemelex Xobeh the Trickster
  4825 | D:6      | Noticed a kobold demonologist
  4851 | D:6      | Reached skill level 1 in Invocations
  4856 | D:6      | Reached skill level 10 in Axes
  4941 | D:6      | Killed a kobold demonologist
  4942 | D:6      | Reached XP level 10. HP: 79/79 MP: 11/11
  5407 | D:7      | Reached * piety under Nemelex Xobeh
  5407 | D:7      | Received a gift from Nemelex Xobeh
  5430 | D:7      | Reached skill level 11 in Axes
  5706 | D:7      | Found a glowing golden altar of the Shining One.
  5739 | D:7      | You fall into a shaft and drop 3 floors!
  5739 | D:10     | Entered Level 10 of the Dungeon
  5977 | D:9      | Found a hide-covered altar of Uskayaw.
  5978 | D:9      | Found a transporter.
  5979 | D:9      | Noticed a wizard
  5981 | D:9      | Found a hazy altar of Hepliaklqana.
  5983 | D:9      | Noticed an ogre mage
  5984 | D:9      | Noticed a boulder beetle
  5986 | D:9      | Found a transporter.
  6002 | D:9      | Noticed a two-headed ogre
  6014 | D:9      | Killed a two-headed ogre
  6148 | D:8      | Found a flagged portal.
  6169 | Bailey   | Entered a bailey
  6178 | Bailey   | Reached skill level 12 in Axes
  6301 | Bailey   | Reached skill level 5 in Invocations
  6429 | Bailey   | Reached XP level 11. HP: 86/86 MP: 14/14
  7009 | D:8      | Found a sacrificial altar of Ru.
  7010 | D:8      | Found a stormy altar of Qazlal.
  7080 | D:8      | Found a basalt altar of Yredelemnul.
  7355 | D:9      | Reached ** piety under Nemelex Xobeh
  7357 | D:9      | Found Koptog's Magic Scroll Emporium.
  7365 | D:9      | Bought a scroll of holy word for 105 gold pieces
  7743 | D:9      | Noticed Prince Ribbit
  7763 | D:9      | Killed Prince Ribbit
  8074 | D:7      | Found a burning altar of Makhleb.
  8121 | D:7      | Noticed a cacodemon
  8127 | D:7      | Found a glowing silver altar of Zin.
  8127 | D:7      | Noticed an angel
  8532 | D:10     | Found a shimmering blue altar of Sif Muna.
  8813 | D:11     | Noticed a white ugly thing
  8827 | D:11     | Killed a white ugly thing
  8891 | D:11     | Received a gift from Nemelex Xobeh
  8896 | D:11     | Reached *** piety under Nemelex Xobeh
  8994 | D:11     | Noticed a two-headed ogre
  9000 | D:11     | Killed a two-headed ogre
  9001 | D:11     | Reached skill level 13 in Axes
  9076 | D:11     | Found a staircase to the Orcish Mines.
  9160 | D:11     | Noticed a purple ugly thing
  9175 | D:11     | Killed a purple ugly thing
  9183 | D:11     | Slain by a hornet

Illustrated notes

Levels and vault maps discovered:
D:1:      dpeg_arrival_concentric_ovals, layout_basic
D:2:      kennysheep_six_static_rooms, layout_basic, serial_shops,
          shop_fountains, shop, serial_undead, serial_undead_d, serial_undead_b,
          serial_undead_f, serial_undead_f, serial_undead_a,
          dreamdust_ecumenical_altar_grove
D:3:      layout_loops_ring, uniq_robin, uniq_sigmund, uniq_pargi, uniq_terence
D:4:      layout_rooms, elyvilon_altar_5, cheibrodos_sewer_entry_sluice,
          uniq_menkaure, uniq_edmund, uniq_grinder
D:5:      layout_cave_pools, minmay_temple_entry_arrows, serial_shops, shop,
          uniq_pikel, uniq_duvessa
D:6:      minmay_clustersquares, layout_cave_pools
D:7:      layout_loops_ring, grunt_temple_overflow_order_and_chaos_2,
          general_overflow_altar
D:8:      layout_cave_pools, gammafunk_temple_overflow_statue,
          kennysheep_mini_moat, enter_bailey_6, minmay_misc_feat_cross,
          minmay_lizard_king
D:9:      layout_rooms, gammafunk_temple_overflow_arena, serial_corexii_hall,
          chequers_hall_statues_corner_a, chequers_hall_statues_y,
          chequers_hall_statues_y, serial_shops, shop, corexii_hall_statues_x,
          uniq_prince_ribbit1
D:10:     layout_roguey, tgw_sif
D:11:     layout_stronghold, dpeg_oklobed_lair, david_orc_3,
          dancing_weapons_uskayaw
Temple:   nicolae_temple_hex_pool

Skill      XL: |  1  2  3  4  5  6  7  8  9 10 11 |
---------------+----------------------------------+-----
Armour         | 4 5 6 7 9 |  9.5
Axes           | 3 4 5 6 9 10 12 13 | 13.2
Fighting       | 4 5 6 7 8 |  8.7
Invocations    | 2 5 6 |  6.7
Shields        | |  3.6

Action                   |  1- 3 |  4- 6 |  7- 9 | 10-12 || total
-------------------------+-------+-------+-------+-------++-------
Melee: War axe           |    99 |   119 |     8 |       ||   226
       Battleaxe         |       |       |   187 |   356 ||   543
Invok: Draw Destruction  |       |       |       |     1 ||     1
  Use: Scroll            |     2 |     5 |     4 |     6 ||    17
       Potion            |       |     3 |     2 |     2 ||     7
 Stab: Sleeping          |       |       |     4 |     1 ||     5
       Paralysed         |       |       |     1 |     6 ||     7
       Confused          |       |       |       |     1 ||     1
Armor: Scale mail        |    51 |    68 |       |       ||   119
       Troll leather arm |       |       |    94 |    27 ||   121
       Plate armour      |       |       |       |   249 ||   249
Dodge: Dodged            |    56 |    69 |   125 |   194 ||   444
Block: Buckler           |    32 |    27 |    58 |   110 ||   227

Table legend: (Time is in decaauts)
 A = Elapsed time spent in this place.
 B = Non-inter-level travel time spent in this place.
 C = Inter-level travel time spent in this place.
 D = Time resting spent in this place.
 E = Time spent auto-exploring this place.
 F = Levels seen in this place.
 G = Mean time per level.
                   A        B        C        D        E       F      G
               +--------+--------+--------+--------+--------+-----+--------+
         Total |   9372 |   9067 |    305 |    802 |   6070 |  14 |  669.4 |
       Dungeon |   8372 |   8076 |    296 |    564 |   5617 |  11 |  761.1 |
        Temple |     90 |     81 |      9 |      0 |     61 |   1 |   90.0 |
         Sewer |    245 |    245 |      0 |     66 |    111 |   1 |  245.0 |
        Bailey |    663 |    663 |      0 |    172 |    281 |   1 |  663.0 |
               +--------+--------+--------+--------+--------+-----+--------+

Top non-repeatable levels by time:
     D:2: 1661 daAuts
     D:3: 1201 daAuts
     D:9: 885 daAuts
     D:7: 723 daAuts
     D:6: 671 daAuts
  Bailey: 663 daAuts
     D:1: 635 daAuts
    D:10: 603 daAuts
     D:8: 582 daAuts
     D:5: 519 daAuts
     D:4: 514 daAuts
    D:11: 372 daAuts
   Sewer: 245 daAuts
  Temple: 90 daAuts
